 Dungeon Sprint DCSS version bcrawl-1.27.1d (webtiles) character file.

Game seed: 9316570783148405343

117252 Freyura the Poker (level 2, 0/23 HPs)
             Began as a Merfolk Skald on July 24, 2020.
             Was a Believer of the Shining One.
             Slain by a four-headed hydra (15 damage)
             ... in the Dungeon (Sprint IX: "|||||||||||||||||||||||||||||").
             The game lasted 00:03:34 (214 turns).

Freyura the Poker (Merfolk Skald)                    Turns: 214, Time: 00:03:35

Health: 0/23       AC:  5    Str: 11    XL:     2   Next: 33%
Magic:  5/5        EV: 15    Int: 12    God:    the Shining One [**....]
Gold:   0          SH:  0    Dex: 16    Spells: 2/5 levels left

rFire    . . .     SeeInvis .   m - +2 halberd (venom)
rCold    . . .     Gourm    .   (shield currently unavailable)
rNeg     + . .     Faith    .   b - +0 leather armour
rPois    .         Spirit   .   o - +0 helmet
rElec    .         Reflect  .   (no cloak)
rCorr    .         Harm     .   (no gloves)
MR       .....     NoTele   +   n - +0 pair of boots
Stlth    +.........             (no amulet)
HPRegen  0.07/turn              p - +2 ring of evasion
MPRegen  0.09/turn              q - +3 ring of dexterity

@: glowing
A: change form in water, swift swim, stealthy swim
a: Divine Shield, Renounce Religion


You were in the Dungeon.
You worshipped the Shining One.
The Shining One was pleased with you.
You were not hungry.

You visited 1 branch

Inventory:

Hand Weapons
 a - a +0 spear
 m - a +2 halberd of venom (weapon)
Armour
 b - a +0 leather armour (worn)
 n - a +0 pair of boots (worn)
 o - a +0 helmet (worn)
 r - a +0 plate armour
Jewellery
 p - a +2 ring of evasion (left hand)
 q - a +3 ring of dexterity (right hand)
Wands
 l - a wand of iceblast (9)
Scrolls
 c - 3 scrolls of remove curse
 d - a scroll of fear
 j - 2 scrolls of amnesia
 k - 2 scrolls of blinking
Potions
 f - 5 potions of curing
 g - 3 potions of heal wounds
 h - a potion of haste
 i - 4 potions of magic
Comestibles
 e - a ration {!d}


   Skills:
 + Level 2.8 Fighting
 * Level 4.6 Polearms
 + Level 1.3 Armour
 + Level 3.5 Dodging
 + Level 2.4 Spellcasting
 + Level 3.7 Charms
 + Level 0.0 Invocations


You had 2 spell levels left.
You knew the following spells:

 Your Spells              Type           Power        Failure   Level  Hunger
a - Infusion              Chrm           ##......     8%          1    None
b - Song of Slaying       Chrm           ##......     11%         2    ##.....

Your spell library contained the following spells:

 Spells                   Type           Power        Failure   Level  Hunger
 Ozocubu's Armour         Chrm/Ice       #.......     43%         3    ####...
 Regeneration             Chrm/Necr      #.........   43%         3    ####...
 Spectral Weapon          Hex/Chrm       #.......     43%         3    ####...


Dungeon Overview and Level Annotations

Branches:
Dungeon (1/1)

Altars:
Cheibriados
Dithmenos
Elyvilon
Fedhas
Gozag
Hepliaklqana
Kikubaaqudgha
Lugonu
Makhleb
Nemelex Xobeh
Okawaru
Qazlal
Ru
Sif Muna
Trog
Uskayaw
Vehumet
Wu Jian
Xom
Yredelemnul
Zin
The Shining One
Beogh
Jiyva


Message History

The four-headed hydra roars!
The troll shouts!
The orc wizard shouts!
The phantom blinks!
The orc wizard casts a cantrip, but nothing happens.
Evoke which item? (* to show all) (? for menu, Esc to quit)
Aiming: Iceblast
Press: ? - help, Shift-Dir - straight line, f - four-headed hydra
Aim: a four-headed hydra (haloed) That beam is likely to hit you.
Continue anyway?
The mass of ice explodes!
The iceblast engulfs the four-headed hydra!
The four-headed hydra is lightly wounded.
The iceblast engulfs you!
The iceblast engulfs the quokka zombie.
The quokka zombie partially resists.
The quokka zombie is severely damaged.
The four-headed hydra barely misses you.
The four-headed hydra closely misses you.
The four-headed hydra bites you but does no damage.
The four-headed hydra bites you!
Ouch! That really hurt!
You die... ▓▓▓▓▓▓▓▓▓▓▓▓▓▓▓▓▓▓▓▓▓▓▓▓ _______'!.|)....@DZ.WTZo ▓▓▓▓▓▓▓▓▓▓▓▓▓▓▓▓▓▓▓▓▓▓▓▓

You could see a four-headed hydra, a troll, a phantom, an orc wizard, a quokka zombie and a jackal skeleton.

Vanquished Creatures
  An orc (D)
  A bat skeleton (D)
  A bat zombie (D)
  2 goblins (D)
  A jackal (D)
  A quokka (D)
  A bat (D)
  2 rats (D)
10 creatures vanquished.

Notes
Turn   | Place    | Note
-------+----------+-------------------------------------------
     0 | D        | Freyura the Merfolk Skald began the quest for the Orb.
     0 | D        | Reached XP level 1. HP: 16/16 MP: 3/3
    11 | D        | Reached skill level 1 in Armour
    20 | D        | Reached skill level 4 in Polearms
   108 | D        | Reached XP level 2. HP: 23/23 MP: 0/5
   126 | D        | Found a roughly hewn altar of Beogh.
   126 | D        | Found a snail-covered altar of Cheibriados.
   126 | D        | Found a shadowy altar of Dithmenos.
   126 | D        | Found a white marble altar of Elyvilon.
   126 | D        | Found a blossoming altar of Fedhas.
   126 | D        | Found an opulent altar of Gozag.
   127 | D        | Found a hazy altar of Hepliaklqana.
   128 | D        | Found a viscous altar of Jiyva.
   129 | D        | Found an ancient bone altar of Kikubaaqudgha.
   130 | D        | Found a corrupted altar of Lugonu.
   131 | D        | Found a burning altar of Makhleb.
   132 | D        | Found a sparkling altar of Nemelex Xobeh.
   133 | D        | Found an iron altar of Okawaru.
   134 | D        | Found a stormy altar of Qazlal.
   135 | D        | Found a sacrificial altar of Ru.
   136 | D        | Found a shimmering blue altar of Sif Muna.
   137 | D        | Found a bloodstained altar of Trog.
   138 | D        | Found a hide-covered altar of Uskayaw.
   139 | D        | Found a radiant altar of Vehumet.
   140 | D        | Found an ornate altar of the Wu Jian Council.
   141 | D        | Found a shimmering altar of Xom.
   142 | D        | Found a basalt altar of Yredelemnul.
   143 | D        | Found a glowing silver altar of Zin.
   144 | D        | Found a glowing golden altar of the Shining One.
   152 | D        | Became a worshipper of the Shining One
   157 | D        | Learned a level 2 spell: Song of Slaying
   213 | D        | Noticed a four-headed hydra
   213 | D        | Reached * piety under the Shining One
   213 | D        | Noticed a phantom
   213 | D        | Noticed a troll
   213 | D        | Reached ** piety under the Shining One
   214 | D        | Slain by a four-headed hydra

Skill      XL: |  1 |
---------------+----+-----
Armour         | 1 |  1.3
Dodging        | 3 |  3.5
Polearms       | 4 |  4.6
Fighting       | |  2.8
Spellcasting   | |  2.4
Charms         | |  3.7

Action                   || total
-------------------------++-------
Melee: Spear             ||    33
 Cast: Infusion          ||     1
Evoke: Wand              ||     1
  Use: Potion            ||     1
Armor: Leather armour    ||    20
Dodge: Dodged            ||    29
